 Dungeon Sprint DCSS version 0.27-a0-1525-g1038ab4fd7 (webtiles) character file.

Game seed: 12360613452813725805

364 mhtbhm the Basher (level 6, -1/44 HPs)
             Began as a Gargoyle Fighter on July 10, 2021.
             Was a High Priest of Qazlal.
             Slain by a shadow wraith (14 damage)
             ... in the Dungeon (Sprint VII: "The Pits").
             The game lasted 00:01:05 (374 turns).

mhtbhm the Basher (Gargoyle Fighter)                 Turns: 374, Time: 00:01:05

Health: -1/44      AC: 19    Str: 22    XL:     6   Next: 67%
Magic:  6/6        EV:  6    Int:  8    God:    Qazlal [*****.]
Gold:   0          SH: 17    Dex:  9    Spells: 5/5 levels left

rFire    . . .     SeeInvis .   a - +2 flail (vorpal)
rCold    . . .     Faith    .   c - +0 kite shield
rNeg     + . .     Spirit   .   b - +2 plate armour
rPois    ∞         Reflect  .   (no helmet)
rElec    +         Harm     .   (no cloak)
rCorr    .         Rampage  .   (no gloves)
Will     .....     NoTele   +   (no boots)
Stlth    ..........             (no amulet)
HPRegen  0.14/turn              (no ring)
MPRegen  0.10/turn              (no ring)

@: slowed, repel missiles, very slow
A: sickness immunity, AC +4, negative energy resistance 1, electricity
resistance, torment resistance 1, petrification resistance
a: Renounce Religion, Upheaval, Elemental Force, Disaster Area


You were in the Dungeon.
You worshipped Qazlal.
Qazlal was extremely pleased with you.
You visited 1 branch

Inventory:

Hand Weapons
 a - a +2 vorpal flail (weapon)
Armour
 b - a +2 plate armour (worn)
 c - a +0 kite shield (worn)
Scrolls
 j - a scroll of blinking
 l - 5 scrolls of amnesia
 m - a scroll of summoning
Potions
 d - a potion of might
 e - 6 potions of curing
 f - 4 potions of heal wounds
 g - a potion of haste
 h - 4 potions of magic
 i - 3 potions of berserk rage
 k - 2 potions of invisibility


   Skills:
 + Level 7.2 Fighting
 + Level 8.5 Maces & Flails
 + Level 6.5 Armour
 + Level 2.6 Dodging
 + Level 1.1 Stealth
 + Level 8.1 Shields


You had 5 spell levels left.
You didn't know any spells.
Your spell library was empty.

Dungeon Overview and Level Annotations

Branches:
Dungeon (1/1)

Altars:
Ashenzari
Cheibriados
Dithmenos
Elyvilon
Fedhas
Gozag
Hepliaklqana
Kikubaaqudgha
Makhleb
Nemelex Xobeh
Okawaru
Qazlal
Ru
Sif Muna
Trog
Uskayaw
Vehumet
Wu Jian
Xom
Yredelemnul
Zin
The Shining One
Beogh
Jiyva
Lugonu


Innate Abilities, Weirdness & Mutations

You are immune to sickness and miasma.
Your stone body is resilient. (AC +4)
You are immune to poison.
You resist negative energy. (rN+)
You are resistant to electric shocks. (rElec)
You are resistant to unholy torment.
You are immune to petrification.


Message History

You barely miss the centaur.
The centaur is heavily wounded.
You block the centaur's attack.
The centaur kicks you but does no damage.
The centaur hits you but does no damage.
The centaur kicks you but does no damage.
You hit the centaur.
The centaur is severely wounded.
The centaur hits you but does no damage.
The centaur barely misses you. You block the centaur's attack.
The centaur kicks you but does no damage.
You hit the centaur.
The centaur is almost dead.
You block the centaur's attack. x2
You sock the centaur!
You kill the centaur!
Qazlal accepts your kill.
You can now call upon nature's wrath in a wide area around you.
Your Fighting skill increases to level 7!
Your Maces & Flails skill increases to level 8!
Your Stealth skill increases to level 1!
Your Shields skill increases to level 8!
Unknown command.
There is an open door here.
Things that are here:
a +0 shortbow; 25 arrows You open the door.
You hear a chilling moan.
No target in view!
Deactivating autopickup; reactivate with Ctrl-A.
You sock something! Something hits you. Something hits you!
Something drains your vigour!
You feel yourself slow down.
You barely miss something. Something hits you! Something drains your vigour!
You feel as though you will be slow longer.
You barely miss something. Something hits you.
* * * LOW HITPOINT WARNING * * *
Something drains your vigour!
You feel as though you will be slow longer.
Something hits you!
You die...

#.#........##.......#
#'###########.......#
#.......# #########
#...#...# #...#...#
#.##.##.#+#
#...#...#.+
#...#..☼#'#
#.......)@#
###########


There were no monsters in sight!

Vanquished Creatures
  A floating eye (D)
  A sky beast (D)
  A centaur (D)
  An orc priest (D)
  2 gnolls (D)
  An adder (D)
  2 river rats (D)
  4 orcs (D)
  A hobgoblin (D)
  7 jackals (D)
  A kobold (D)
  A quokka (D)
  A frilled lizard (D)
  A goblin (D)
25 creatures vanquished.

Notes
Turn   | Place    | Note
-------+----------+-------------------------------------------
     0 | D        | mhtbhm the Gargoyle Fighter began the quest for the Orb.
     0 | D        | Reached XP level 1. HP: 14/14 MP: 1/1
    31 | D        | Found a bloodstained altar of Trog.
    31 | D        | Found a shimmering blue altar of Sif Muna.
    31 | D        | Found a viscous altar of Jiyva.
    31 | D        | Found a hazy altar of Hepliaklqana.
    31 | D        | Found an opulent altar of Gozag.
    32 | D        | Found a glowing golden altar of the Shining One.
    32 | D        | Found a glowing silver altar of Zin.
    32 | D        | Found a basalt altar of Yredelemnul.
    32 | D        | Found a shimmering altar of Xom.
    32 | D        | Found an ornate altar of the Wu Jian Council.
    32 | D        | Found a sacrificial altar of Ru.
    32 | D        | Found a stormy altar of Qazlal.
    32 | D        | Found an iron altar of Okawaru.
    32 | D        | Found a sparkling altar of Nemelex Xobeh.
    32 | D        | Found a burning altar of Makhleb.
    32 | D        | Found a blossoming altar of Fedhas.
    32 | D        | Found a white marble altar of Elyvilon.
    32 | D        | Found a shadowy altar of Dithmenos.
    32 | D        | Found a snail-covered altar of Cheibriados.
    34 | D        | Found a radiant altar of Vehumet.
    34 | D        | Found a corrupted altar of Lugonu.
    35 | D        | Found a hide-covered altar of Uskayaw.
    35 | D        | Found an ancient bone altar of Kikubaaqudgha.
    35 | D        | Found a broken altar of Ashenzari.
    39 | D        | Became a worshipper of Qazlal Stormbringer
    89 | D        | Reached XP level 2. HP: 20/20 MP: 2/2
    98 | D        | Reached * piety under Qazlal
   108 | D        | Reached XP level 3. HP: 15/24 MP: 3/3
   223 | D        | Reached ** piety under Qazlal
   227 | D        | Reached skill level 5 in Armour
   227 | D        | Reached skill level 1 in Dodging
   227 | D        | Reached skill level 5 in Shields
   300 | D        | Noticed a floating eye
   303 | D        | Reached skill level 5 in Fighting
   303 | D        | Reached XP level 4. HP: 18/31 MP: 4/4
   303 | D        | Reached *** piety under Qazlal
   304 | D        | Paralysed by a floating eye for 2 turns
   308 | D        | Paralysed by a floating eye for 3 turns
   316 | D        | Paralysed by a floating eye for 2 turns
   318 | D        | Killed a floating eye
   319 | D        | Reached skill level 5 in Maces & Flails
   319 | D        | Reached XP level 5. HP: 37/37 MP: 5/5
   321 | D        | Reached **** piety under Qazlal
   323 | D        | Noticed a sky beast
   343 | D        | Killed a sky beast
   344 | D        | Reached XP level 6. HP: 39/42 MP: 6/6
   368 | D        | Reached ***** piety under Qazlal
   369 | D        | Reached skill level 1 in Stealth
   374 | D        | Slain by a shadow wraith

Illustrated notes

Levels and vault maps discovered:
D:        pitsprint [storerooms_1, entrance_room_1, metal_vault_3, armoury_1,
          mini_pit_1, grid_room_1, main_hall_1, silver_pit, the_coven_3,
          the_vestibule_1, steel_vault_4, golden_pit, hallway_of_sentries,
          crystal_vault_2, iron_vault_1, final_vault]

Skill      XL: |  1  2  3  4  5  6 |
---------------+-------------------+-----
Fighting       | 4 5 6 7 |  7.2
Maces & Flails | 3 4 5 7 8 |  8.5
Armour         | 4 5 6 |  6.5
Shields        | 4 5 6 7 8 |  8.1
Dodging        | 1 2 |  2.6
Stealth        | 1 |  1.1

Action                   |  1- 3 |  4- 6 || total
-------------------------+-------+-------++-------
Melee: Flail             |    17 |    44 ||    61
       Mace              |    25 |       ||    25
  Use: Potion            |       |     2 ||     2
Armor: Scale mail        |    17 |       ||    17
       Plate armour      |     1 |    22 ||    23
Dodge: Dodged            |     9 |     6 ||    15
Block: Kite shield       |    26 |    26 ||    52

Table legend: (Time is in decaauts)
 A = Elapsed time spent in this place.
 B = Non-inter-level travel time spent in this place.
 C = Inter-level travel time spent in this place.
 D = Time resting spent in this place.
 E = Time spent auto-exploring this place.
 F = Levels seen in this place.
 G = Mean time per level.
                   A        B        C        D        E       F      G
               +--------+--------+--------+--------+--------+-----+--------+
         Total |    405 |    405 |      0 |    110 |     30 |   1 |  405.0 |
       Dungeon |    405 |    405 |      0 |    110 |     30 |   1 |  405.0 |
               +--------+--------+--------+--------+--------+-----+--------+

Top non-repeatable levels by time:
       D: 405 daAuts
